 Dungeon Crawl Stone Soup version 0.26.1-11-gd32895ea62 (webtiles) character file.

Game seed: 16009548977762448223

25762 Almogavar the Thaumaturge (level 13, 0/98 HPs)
             Began as a Gnoll Wanderer on May 1, 2021.
             Was an Elder of Sif Muna.
             Slain by a catoblepas (17 damage)
             ... on level 2 of the Lair of Beasts.
             The game lasted 01:30:24 (21140 turns).

Almogavar the Thaumaturge (Gnoll Wanderer)         Turns: 21140, Time: 01:30:25

Health: 0/98       AC: 30    Str: 19    XL:     13   Next: 21%
Magic:  26/26      EV: 17    Int: 19    God:    Sif Muna [****..]
Gold:   860        SH:  5    Dex: 15    Spells: 26/31 levels left

rFire    . . .     SeeInvis .   x - +6 quarterstaff "Ilykexei" {protect, Will+ Str+4}
rCold    + . .     Faith    .   (shield currently unavailable)
rNeg     . . .     Spirit   .   h - +1 steam dragon scales
rPois    .         Reflect  +   g - +2 helmet
rElec    .         Harm     .   D - +2 cloak
rCorr    .         Rampage  .   p - +2 pair of gloves
Will     +....                  f - +0 pair of boots
Stlth    ++++......             s - amulet of reflection
HPRegen  0.26/turn              d - ring of protection from cold
MPRegen  0.20/turn              y - +4 ring of protection

@: protection aura
A: distributed training, fangs 1, strong nose
a: Renounce Religion, Channel Magic, Forget Spell, Divine Exegesis


You were on level 2 of the Lair of Beasts.
You worshipped Sif Muna.
Sif Muna was greatly pleased with you.
You visited 2 branches of the dungeon, and saw 14 of its levels.

You collected 860 gold pieces.

Inventory:

Hand Weapons
 x - the +6 quarterstaff "Ilykexei" (weapon) {protect, Will+ Str+4}
   (You found it on level 6 of the Dungeon)

   It grants its wielder temporary protection when it strikes (+7 to AC).
   It affects your strength (+4).
   It affects your willpower, your defense against some magical effects.
Missiles
 q - 34 poisoned darts (quivered)
Armour
 c - +0 acid dragon scales
 f - a +0 pair of boots (worn)
 g - a +2 helmet (worn)
 h - +1 steam dragon scales (worn)
 l - a +0 chain mail
 o - a +2 hat
 p - a +2 pair of gloves (worn)
 D - a +2 cloak (worn)
 F - a scarf of repulsion
Magical Staves
 B - an uncursed staff of poison {unknown}
Jewellery
 d - a ring of protection from cold (left hand)
 s - an amulet of reflection (around neck)
 y - a +4 ring of protection (right hand)
Wands
 a - a wand of random effects (17)
 v - a wand of iceblast (8)
 A - a wand of disintegration (25)
 E - a wand of paralysis (9)
 I - a wand of digging (4)
Scrolls
 k - 2 scrolls of enchant weapon
 n - 2 scrolls of fog
 r - a scroll of summoning
 w - 5 scrolls of remove curse
 C - a scroll of enchant armour
 G - a scroll of noise {unknown}
 H - a scroll of silence {unknown}
Potions
 b - 2 potions of magic
 e - 5 potions of curing
 i - 3 potions of might
 j - 4 potions of heal wounds
 m - 2 potions of berserk rage
 t - 2 potions of flight
 u - a potion of degeneration {unknown}
 z - a potion of mutation {unknown}


   Skills:
 + Level 8.1 Fighting
 + Level 8.1 Short Blades
 + Level 8.1 Long Blades
 + Level 8.1 Axes
 + Level 8.1 Maces & Flails
 + Level 8.1 Polearms
 + Level 8.1 Staves
 + Level 8.1 Slings
 + Level 8.1 Bows
 + Level 8.1 Crossbows
 + Level 8.1 Throwing
 + Level 8.1 Armour
 + Level 8.1 Dodging
 + Level 9.2 Stealth
 + Level 8.1 Shields
 + Level 8.1 Unarmed Combat
 + Level 9.5 Spellcasting
 + Level 6.7 Conjurations
 + Level 6.7 Hexes
 + Level 6.7 Summonings
 + Level 6.7 Necromancy
 + Level 7.8 Translocations
 + Level 7.8 Transmutations
 + Level 7.8 Fire Magic
 + Level 6.7 Ice Magic
 + Level 6.7 Air Magic
 + Level 6.7 Earth Magic
 + Level 6.7 Poison Magic
 + Level 8.8 Invocations
 + Level 8.1 Evocations


You had 26 spell levels left.
You knew the following spells:

 Your Spells              Type           Power        Failure   Level
a - Foxfire               Conj/Fire      100%         1%          1
b - Conjure Flame         Conj/Fire      36%          1%          3
c - Apportation           Tloc           76%          1%          1

Your spell library contained the following spells:

 Spells                   Type           Power        Failure   Level
 Inner Flame              Hex/Fire       36%          1%          3
 Teleport Other           Tloc           38%          1%          3
 Sticky Flame             Conj/Fire      36%          3%          4
 Cause Fear               Hex            17%          4%          4
 Fireball                 Conj/Fire      18%          11%         5
 Yara's Violent Unravell  Hex/Tmut       18%          11%         5
 Silence                  Hex/Air        17%          14%         5
 Discord                  Hex            17%          100%        8


Dungeon Overview and Level Annotations

Branches:
Dungeon (12/15)            Temple (0/1) D:5            Lair (2/6) D:10
    Orc (0/2) D:10
  Swamp: Lair:2-4    Shoals: Lair:2-4     Snake: Lair:2-4    Spider: Lair:2-4

Altars:
Ashenzari
Cheibriados
Elyvilon
Fedhas
Hepliaklqana
Kikubaaqudgha
Makhleb
Qazlal
Sif Muna
Trog
Wu Jian
Yredelemnul
The Shining One

Shops:
D:4 }   D:12 (

Annotations:
D:9 3 runed translucent doors, Hodglim's ghost, novice GrEE; Quickbrownfox's ghost, novice MiMo; beigtais's ghost, novice DsFi


Innate Abilities, Weirdness & Mutations

Your experience applies equally to all skills.
You have very sharp teeth.
Your uncanny sense of smell can sniff out nearby items.


Message History

Okay, then.
Aiming: Random Effects
Press: ? - help, Shift-Dir - straight line, f/p - catoblepas
Aim: a catoblepas (calcifying dust, moderately wounded)
The mass of ice explodes!
The iceblast engulfs the catoblepas!
The catoblepas is heavily wounded.
The iceblast engulfs you. You partially resist.
* * * LOW HITPOINT WARNING * * *
The catoblepas gores you but does no damage.
Unknown command.
You hit the catoblepas but do no damage.
Your weapon exudes an aura of protection.
Your bite misses the catoblepas.
The catoblepas is heavily wounded.
The catoblepas breathes a plume of calcifying dust at you.
The blast of calcifying dust hits you but does no damage.
You hit the catoblepas but do no damage.
The catoblepas is heavily wounded.
The catoblepas gores you!
You die...

###..P# ......##
###.P## .......#
#....# .......#
###..### .......#
#....# #...... ##§#.#
#P.# #..## #..
##Y#### ### ####..
##§@..####.## #.#...
##.§#......#.####...#
#..§####.......#...##
#..#.# ##.........##
#...### ###.##....#
#.....# ######..##
##....## #P..##
#.....# ##....
##...## ###..


You could see a catoblepas.

Vanquished Creatures
  Gastronok (Lair:2)
  A hydra (Lair:1)
  3 two-headed ogres
  A death knight (D:11)
  A death yak (Lair:2)
  Nergalle (Lair:2)
  A skeletal warrior (D:11)
  A phantasmal warrior (D:11)
  2 deep elf magi (D:12)
  2 ugly things (D:11)
  A manticore (D:12)
  A cyclops (D:12)
  A black mamba (Lair:2)
  Joseph (D:10)
  A gargoyle (D:8)
  3 cane toads (Lair:1)
  5 komodo dragons (Lair:1)
  Maggie (D:6)
  An efreet (D:9)
  4 trolls
  A polar bear (Lair:2)
  4 blink frogs (Lair:2)
  Sigmund (D:6)
  2 shadows
  4 yaks
  A vampire (D:12)
  A basilisk (Lair:2)
  3 wyverns
  4 wraiths
  3 vampire mosquitoes (D:10)
  Menkaure (D:4)
  An acid dragon (D:12)
  4 water moccasins
  Duvessa (D:5)
  4 orc warriors
  4 phantoms
  3 sky beasts
  2 black bears
  2 ice beasts
  5 ogres
  A necrophage (D:12)
  11 centaurs
  A big kobold (D:7)
  9 bullfrogs
  Dowan (D:5)
  A wyvern zombie (D:6)
  3 scorpions
  9 killer bees
  4 wights (D:12)
  5 electric eels
  8 howler monkeys
  2 bullfrog zombies (D:5)
  2 centaur zombies (D:12)
  A quasit (D:10)
  11 hounds
  8 orc priests
  4 jellies
  A bullfrog skeleton (D:6)
  2 centaur skeletons
  Crazy Yiuf (D:7)
  Terence (D:1)
  3 iguanas
  4 orc wizards
  8 worker ants
  2 hound zombies
  2 hound skeletons
  2 worker ant zombies
  A howler monkey zombie (D:11)
  A gnoll (D:1)
  19 adders
  2 shadow imps (D:7)
  3 white imps
  2 ufetubi
  An ooze (D:4)
  4 worms
  A dart slug (D:1)
  4 leopard geckos
  50 orcs
  A ball python (D:3)
  8 bats
  8 goblins
  6 hobgoblins
  10 jackals
  2 quokkas
  11 frilled lizards
  7 kobolds
  A leopard gecko skeleton (D:6)
  A quokka skeleton (D:8)
  6 rats
  A rat zombie (D:3)
341 creatures vanquished.

Vanquished Creatures (collateral kills)
  2 death yaks (Lair:2)
  2 yaks (Lair:2)
  8 foxfires
12 creatures vanquished.

Vanquished Creatures (others)
  1269 foxfires
  2 fungi
  2 plants (Lair:2)
  3 withered plants (D:9)
1276 creatures vanquished.

Grand Total: 1629 creatures vanquished

Notes
Turn   | Place    | Note
-------+----------+-------------------------------------------
     0 | D:1      | Almogavar the Gnoll Wanderer began the quest for the Orb.
     0 | D:1      | Almogavar set off with the following items: a +0 club, a
                  | potion of lignification, a +0 robe, a +0 dagger; and the
                  | following spells available to memorise: Apportation,
                  | Foxfire, Teleport Other, Conjure Flame, Inner Flame, Sticky
                  | Flame, Fireball
     0 | D:1      | Reached XP level 1. HP: 13/13 MP: 6/6
    28 | D:1      | Learned a level 1 spell: Foxfire
   270 | D:1      | Reached XP level 2. HP: 20/20 MP: 2/7
   689 | D:1      | Reached XP level 3. HP: 25/25 MP: 7/9
   760 | D:1      | Reached skill level 5 in Spellcasting
  1124 | D:2      | Noticed Terence
  1172 | D:1      | Killed Terence
  1173 | D:1      | Reached skill level 1 in Fighting
  1173 | D:1      | Reached skill level 1 in Short Blades
  1173 | D:1      | Reached skill level 1 in Long Blades
  1173 | D:1      | Reached skill level 1 in Axes
  1173 | D:1      | Reached skill level 1 in Maces & Flails
  1173 | D:1      | Reached skill level 1 in Polearms
  1173 | D:1      | Reached skill level 1 in Staves
  1173 | D:1      | Reached skill level 1 in Slings
  1173 | D:1      | Reached skill level 1 in Bows
  1173 | D:1      | Reached skill level 1 in Crossbows
  1173 | D:1      | Reached skill level 1 in Throwing
  1173 | D:1      | Reached skill level 1 in Armour
  1173 | D:1      | Reached skill level 1 in Dodging
  1173 | D:1      | Reached skill level 1 in Shields
  1173 | D:1      | Reached skill level 1 in Unarmed Combat
  1173 | D:1      | Reached skill level 1 in Invocations
  1173 | D:1      | Reached skill level 1 in Evocations
  1294 | D:2      | Reached XP level 4. HP: 32/32 MP: 8/11
  1416 | D:2      | Found a white marble altar of Elyvilon.
  1483 | D:2      | Reached skill level 1 in Conjurations
  1483 | D:2      | Reached skill level 1 in Hexes
  1483 | D:2      | Reached skill level 1 in Summonings
  1483 | D:2      | Reached skill level 1 in Necromancy
  1483 | D:2      | Reached skill level 1 in Ice Magic
  1483 | D:2      | Reached skill level 1 in Air Magic
  1483 | D:2      | Reached skill level 1 in Earth Magic
  1483 | D:2      | Reached skill level 1 in Poison Magic
  1904 | D:2      | Found a hazy altar of Hepliaklqana.
  2037 | D:2      | Reached XP level 5. HP: 26/37 MP: 9/12
  2633 | D:3      | Found a faded altar of an unknown god.
  2746 | D:3      | Noticed a torpor snail
  2748 | D:3      | Found a snail-covered altar of Cheibriados.
  2748 | D:3      | Noticed a torpor snail
  2750 | D:3      | Noticed a torpor snail
  2895 | D:3      | Found a glowing golden altar of the Shining One.
  2909 | D:3      | Found a basalt altar of Yredelemnul.
  2912 | D:3      | Noticed a profane servitor
  3158 | D:3      | Found a broken altar of Ashenzari.
  3189 | D:3      | Found a burning altar of Makhleb.
  3189 | D:3      | Found a bloodstained altar of Trog.
  3191 | D:3      | Found an ornate altar of the Wu Jian Council.
  3191 | D:3      | Found a blossoming altar of Fedhas.
  3995 | D:3      | Found an ancient bone altar of Kikubaaqudgha.
  4027 | D:3      | Noticed an angel
  4101 | D:4      | Reached XP level 6. HP: 28/44 MP: 9/13
  4646 | D:4      | Noticed Menkaure
  4863 | D:4      | Killed Menkaure
  4900 | D:4      | Noticed a phantom
  4918 | D:4      | Killed a phantom
  4919 | D:4      | Reached XP level 7. HP: 46/50 MP: 6/15
  5284 | D:4      | Found Suobem's Gadget Shop.
  5671 | D:3      | Reached skill level 5 in Stealth
  5817 | D:5      | Entered Level 5 of the Dungeon
  6102 | D:5      | Found a shimmering blue altar of Sif Muna.
  6108 | D:5      | Became a worshipper of Sif Muna the Loreminder
  6148 | D:5      | Reached XP level 8. HP: 57/57 MP: 13/16
  6315 | D:5      | Found a staircase to the Ecumenical Temple.
  6766 | D:5      | Found a stormy altar of Qazlal.
  7339 | D:6      | Noticed Duvessa
  7339 | D:6      | Noticed Dowan
  7352 | D:5      | Killed Duvessa
  7361 | D:5      | Killed Dowan
  7771 | D:6      | Got a smoking quarterstaff
  7772 | D:6      | Identified the +6 quarterstaff "Ilykexei" {protect, Will+
                  | Str+4} (You found it on level 6 of the Dungeon)
  7798 | D:6      | Noticed Maggie
  7814 | D:6      | Killed Maggie
  7978 | D:6      | Noticed Sigmund
  7994 | D:6      | Killed Sigmund
  7995 | D:6      | Reached skill level 5 in Translocations
  7995 | D:6      | Reached skill level 5 in Transmutations
  7995 | D:6      | Reached skill level 5 in Fire Magic
  7995 | D:6      | Reached XP level 9. HP: 65/65 MP: 7/18
  8584 | D:6      | Learned a level 3 spell: Conjure Flame
  8929 | D:7      | Found a runed translucent door.
  8930 | D:7      | Noticed Crazy Yiuf
  8942 | D:7      | Killed Crazy Yiuf
  8942 | D:7      | Reached * piety under Sif Muna
  9283 | D:7      | Reached skill level 5 in Invocations
  9797 | D:8      | Reached XP level 10. HP: 60/73 MP: 13/20
 10799 | D:8      | Reached skill level 5 in Fighting
 10799 | D:8      | Reached skill level 5 in Short Blades
 10799 | D:8      | Reached skill level 5 in Long Blades
 10799 | D:8      | Reached skill level 5 in Axes
 10799 | D:8      | Reached skill level 5 in Maces & Flails
 10799 | D:8      | Reached skill level 5 in Polearms
 10799 | D:8      | Reached skill level 5 in Staves
 10799 | D:8      | Reached skill level 5 in Slings
 10799 | D:8      | Reached skill level 5 in Bows
 10799 | D:8      | Reached skill level 5 in Crossbows
 10799 | D:8      | Reached skill level 5 in Throwing
 10799 | D:8      | Reached skill level 5 in Armour
 10799 | D:8      | Reached skill level 5 in Dodging
 10799 | D:8      | Reached skill level 5 in Shields
 10799 | D:8      | Reached skill level 5 in Unarmed Combat
 10799 | D:8      | Reached skill level 5 in Evocations
 11056 | D:9      | Reached ** piety under Sif Muna
 11558 | D:9      | Noticed a gargoyle
 11572 | D:8      | Killed a gargoyle
 11856 | D:9      | Found a runed translucent gate.
 11856 | D:9      | Found a runed translucent gate.
 11856 | D:9      | Found a runed translucent gate.
 11857 | D:9      | Noticed beigtais's ghost (novice DsFi)
 12101 | D:9      | Noticed Hodglim's ghost (novice GrEE)
 12102 | D:9      | Noticed Quickbrownfox's ghost (novice MiMo)
 12123 | D:9      | Learned a level 1 spell: Apportation
 12195 | D:10     | Entered Level 10 of the Dungeon
 12532 | D:10     | Noticed a two-headed ogre
 12551 | D:10     | Killed a two-headed ogre
 12552 | D:10     | Reached XP level 11. HP: 74/81 MP: 18/22
 12626 | D:10     | Noticed Joseph
 12652 | D:10     | Reached *** piety under Sif Muna
 12675 | D:10     | Killed Joseph
 13231 | D:10     | Reached skill level 5 in Conjurations
 13231 | D:10     | Reached skill level 5 in Hexes
 13231 | D:10     | Reached skill level 5 in Summonings
 13231 | D:10     | Reached skill level 5 in Necromancy
 13231 | D:10     | Reached skill level 5 in Ice Magic
 13231 | D:10     | Reached skill level 5 in Air Magic
 13231 | D:10     | Reached skill level 5 in Earth Magic
 13231 | D:10     | Reached skill level 5 in Poison Magic
 13231 | D:10     | Found a staircase to the Lair.
 13633 | D:10     | Found a staircase to the Orcish Mines.
 14293 | D:11     | Noticed a death knight
 14300 | D:11     | Noticed a skeletal warrior
 14581 | D:11     | Noticed a red ugly thing
 14582 | D:11     | Noticed a phantasmal warrior
 14584 | D:11     | Noticed a cyan ugly thing
 14844 | D:11     | Killed a death knight
 14844 | D:11     | Reached **** piety under Sif Muna
 14887 | D:11     | Killed a phantasmal warrior
 14988 | D:11     | Killed a skeletal warrior
 15252 | D:11     | Killed a red ugly thing
 15264 | D:11     | Killed a red ugly thing
 15606 | D:11     | Noticed a two-headed ogre
 15644 | D:11     | Killed a two-headed ogre
 15881 | D:12     | Reached XP level 12. HP: 27/89 MP: 19/24
 17781 | D:12     | Found Rerapt's Weapon Shoppe.
 17828 | D:12     | Noticed a two-headed ogre
 17863 | D:12     | Killed a two-headed ogre
 18181 | Lair:1   | Entered Level 1 of the Lair of Beasts
 19087 | Lair:1   | Noticed an eight-headed hydra
 19097 | Lair:1   | Killed an eight-headed hydra
 19499 | Lair:2   | Noticed Nergalle
 19522 | Lair:2   | Killed Nergalle
 20020 | Lair:2   | Noticed a death yak
 20022 | Lair:2   | Noticed a death yak
 20023 | Lair:2   | Noticed a death yak
 20047 | Lair:2   | Killed a death yak
 20052 | Lair:2   | Reached XP level 13. HP: 37/98 MP: 20/26
 20512 | Lair:2   | Noticed Gastronok
 20539 | Lair:2   | Killed Gastronok
 21140 | Lair:2   | Slain by a catoblepas

Illustrated notes

Levels and vault maps discovered:
D:1:      dpeg_arrival_another_circle, layout_basic
D:2:      layout_loops_ring, lemuel_crystal_altar, lemuel_doored_altar,
          uniq_terence
D:3:      layout_loops_corners, grunt_temple_overflow_holy_war,
          cheibriados_altar_2, grunt_temple_overflow_open,
          lemuel_zombie_altar_kikubaaqudgha, serial_glass, glass_columns_a,
          glass_columns_b, chequers_ecumenical_altar_simple_redux
D:4:      layout_loops_ring, serial_shops, shop, kennysheep_generic_room_13,
          uniq_menkaure
D:5:      layout_basic, lemuel_round_altar, nicolae_overflow_crystal_walls,
          minmay_temple_entry_wispy
D:6:      layout_gridville, uniq_duvessa, uniq_maggie, uniq_sigmund
D:7:      layout_rooms, grunt_tough_drop, uniq_crazy_yiuf_cottage
D:8:      layout_layer_cave
D:9:      kennysheep_big_flooded_room, layout_cave_pools,
          gammafunk_ghost_cemetery, special_room [special_room_orc]
D:10:     layout_loops_ring, erik_lair_island, david_orc_3, uniq_joseph
D:11:     layout_loops_ring
D:12:     layout_basic, serial_shops, nicolae_shop_statue_plus
Lair:1:   layout_roguey, grunt_megastairs_1
Lair:2:   layout_cave_pods, uniq_nergalle, uniq_gastronok

Skill      XL: |  1  2  3  4  5  6  7  8  9 10 11 12 13 |
---------------+----------------------------------------+-----
Spellcasting   | 5 6 7 8 9 |  9.5
Fighting       | 1 2 3 4 5 6 7 8 |  8.1
Short Blades   | 1 2 3 4 5 6 7 8 |  8.1
Long Blades    | 1 2 3 4 5 6 7 8 |  8.1
Axes           | 1 2 3 4 5 6 7 8 |  8.1
Maces & Flails | 1 2 3 4 5 6 7 8 |  8.1
Polearms       | 1 2 3 4 5 6 7 8 |  8.1
Staves         | 1 2 3 4 5 6 7 8 |  8.1
Slings         | 1 2 3 4 5 6 7 8 |  8.1
Bows           | 1 2 3 4 5 6 7 8 |  8.1
Crossbows      | 1 2 3 4 5 6 7 8 |  8.1
Throwing       | 1 2 3 4 5 6 7 8 |  8.1
Armour         | 1 2 3 4 5 6 7 8 |  8.1
Dodging        | 1 2 3 4 5 6 7 8 |  8.1
Shields        | 1 2 3 4 5 6 7 8 |  8.1
Unarmed Combat | 1 2 3 4 5 6 7 8 |  8.1
Invocations    | 1 2 3 4 5 6 7 8 |  8.8
Evocations     | 1 2 3 4 5 6 7 8 |  8.1
Conjurations   | 1 2 3 4 5 6 |  6.7
Hexes          | 1 2 3 4 5 6 |  6.7
Summonings     | 1 2 3 4 5 6 |  6.7
Necromancy     | 1 2 3 4 5 6 |  6.7
Ice Magic      | 1 2 3 4 5 6 |  6.7
Air Magic      | 1 2 3 4 5 6 |  6.7
Earth Magic    | 1 2 3 4 5 6 |  6.7
Poison Magic   | 1 2 3 4 5 6 |  6.7
Translocations | 4 5 6 7 |  7.8
Transmutations | 4 5 6 7 |  7.8
Fire Magic     | 4 5 6 7 |  7.8
Stealth        | 5 6 7 8 9 |  9.2

Action                   |  1- 3 |  4- 6 |  7- 9 | 10-12 | 13-15 || total
-------------------------+-------+-------+-------+-------+-------++-------
Melee: Club              |     1 |       |       |       |       ||     1
       Flail             |     8 |    35 |    49 |       |       ||    92
       Bite              |     1 |     1 |    18 |    49 |     4 ||    73
       Quarterstaff      |       |       |    72 |   455 |    33 ||   560
       Dagger            |       |       |     2 |       |       ||     2
Throw: Dart              |       |       |       |    47 |       ||    47
 Cast: Foxfire           |    36 |   122 |   201 |   387 |    49 ||   795
       Conjure Flame     |       |       |     2 |    37 |       ||    39
Evoke: Wand              |       |       |       |       |     3 ||     3
  Use: Scroll            |       |     6 |     4 |     7 |     1 ||    18
       Potion            |       |       |     2 |     1 |       ||     3
 Stab: Sleeping          |       |     1 |       |     3 |       ||     4
Armor: Robe              |     3 |    11 |     6 |       |       ||    20
       Leather armour    |       |     9 |    16 |       |       ||    25
       Steam dragon scal |       |       |    27 |   250 |    22 ||   299
Dodge: Dodged            |    13 |    75 |   106 |   446 |    22 ||   662
Block: Other             |       |       |    27 |   113 |     5 ||   145
       Reflection        |       |       |     1 |     9 |       ||    10
